 Dungeon Crawl Stone Soup version 0.20.1-1-g8b1a95d (webtiles) character file.

150 Monsterracer the Ruffian (level 5, -4/45 HPs)
             Began as a Ghoul Monk on July 7, 2017.
             Killed from afar by an orc wizard (9 damage)
             ... with a magic dart
             ... on level 4 of the Dungeon.
             The game lasted 00:04:11 (2252 turns).

Monsterracer the Ruffian (Ghoul Monk)               Turns: 2252, Time: 00:04:12

Health: -4/45      AC:  4    Str: 15    XL:     5   Next: 32%
Magic:  4/4        EV: 12    Int:  5    God:
Gold:   134        SH:  0    Dex: 12    Spells: 4/4 levels left

rFire    . . .     SeeInvis .     - Unarmed
rCold    + . .     Gourm    .   (no shield)
rNeg     + + +     Faith    .   h - +0 leather armour
rPois    ∞         Spirit   .   e - +0 hat
rElec    .         Reflect  .   (no cloak)
rCorr    .         Harm     .   (no gloves)
MR       .....                  k - +0 pair of boots
Stlth    +.........             (no amulet)
Regen    0.0/turn               (no ring)
MPRegen  0.1/turn               i - ring of loudness (curse)

@: rotting
A: rotting body, claws 1, carnivore 3, cold resistance 1, negative energy
resistance 3, inhibited regeneration, torment resistance, unbreathing
a: no special abilities


You were on level 4 of the Dungeon.
You were not hungry.

You visited 1 branch of the dungeon, and saw 4 of its levels.

You collected 134 gold pieces.

Inventory:

Armour
 e - a +0 hat (worn)
 h - a +0 leather armour (worn)
 k - a +0 pair of boots (worn)
Jewellery
 i - a cursed ring of loudness (right claw)
Wands
 m - a wand of lightning (3/15)
Scrolls
 c - 2 scrolls of fear {unknown}
 f - a scroll of fog {unknown}
 g - 2 scrolls of teleportation {unknown}
 j - 2 scrolls of identify {unknown}
 l - 2 scrolls of remove curse {unknown}
Comestibles
 a - a royal jelly
 b - a meat ration


   Skills:
 - Level 3.2 Fighting
 - Level 2.6 Dodging
 - Level 2.1 Stealth
 + Level 6.4 Unarmed Combat


You had 4 spell levels left.
You didn't know any spells.

Dungeon Overview and Level Annotations

Branches:
Dungeon (4/15)
 Temple: D:4-7

Altars:
Cheibriados
Makhleb
Zin


Innate Abilities, Weirdness & Mutations

Your body is rotting away.
You thrive on raw meat.
You are immune to poison.
You have sharp fingernails.
You are carnivorous and can eat meat at any time.
Your flesh is cold resistant. (rC+)
You are immune to negative energy. (rN+++)
You do not regenerate when monsters are visible.
You are immune to unholy pain and torment.
You can survive without breathing.


Message History

The orc wizard blinks!
Found a royal jelly.
You miss the orc wizard.
The orc wizard is lightly wounded.
The orc wizard casts a spell.
The orc wizard blinks!
Found a leather armour.
The orc wizard casts a spell.
The orc wizard seems to speed up.
The orc wizard points at you and mumbles some strange words.
The magic dart hits you!
* * * LOW HITPOINT WARNING * * *
Huge Dmg: -20%(-9hp) hp: 27%(12hp)
The orc wizard casts a spell at you. The magic dart hits you!
* * * LOW HITPOINT WARNING * * *
Huge Dmg: -15%(-7hp) hp: 12%(5hp)
The orc wizard casts a spell at you. The magic dart hits you!
You die...

##........
##........##
#.......o..#
#..........#
#..........#
#.....[....#
#..........#
##........##
##...)@.(.##
#..........##
#.....<.....#
#............#
#..........#...
#..........####
##........##
##......##
##.#####


You could see an orc wizard.

Vanquished Creatures
  A centaur skeleton (D:4)
  2 orc wizards (D:3)
  An ooze (D:1)
  2 leopard geckos
  5 orcs
  2 ball pythons
  2 giant cockroaches
  5 goblins
  9 hobgoblins
  3 jackals (D:1)
  7 bats
  6 frilled lizards
  5 kobolds
  6 rats
56 creatures vanquished.

Notes
Turn   | Place    | Note
-------+----------+-------------------------------------------
     0 | D:1      | Monsterracer the Ghoul Monk began the quest for the Orb.
     0 | D:1      | Reached XP level 1. HP: 19/19 MP: 0/0
    81 | D:1      | Found a snail-covered altar of Cheibriados.
   215 | D:1      | Reached XP level 2. HP: 20/26 MP: 1/1
   251 | D:1      | Reached skill level 4 in Unarmed Combat
   622 | D:1      | Reached XP level 3. HP: 25/31 MP: 2/2
   835 | D:2      | You fall through a shaft for 2 floors!
   945 | D:4      | Noticed an ogre
  1202 | D:2      | Reached skill level 5 in Unarmed Combat
  1631 | D:3      | Found a glowing silver altar of Zin.
  1684 | D:3      | Reached XP level 4. HP: 33/38 MP: 3/3
  1880 | D:3      | Found a burning altar of Makhleb.
  1880 | D:3      | Noticed an Executioner
  2027 | D:3      | Reached skill level 6 in Unarmed Combat
  2027 | D:3      | Reached XP level 5. HP: 10/45 MP: 4/4
  2252 | D:4      | Killed from afar by an orc wizard

Skill      XL: |  1  2  3  4 |
---------------+-------------+-----
Unarmed Combat | 4 5 6 |  6.4
Fighting       | |  3.2
Dodging        | |  2.6
Stealth        | |  2.1

Action                   |  1- 3 |  4- 6 || total
-------------------------+-------+-------++-------
Melee: Unarmed           |   148 |    52 ||   200
       Punch             |     1 |       ||     1
  Use: Potion            |     3 |       ||     3
 Stab: Sleeping          |     4 |       ||     4
  Eat: Chunk             |     4 |     5 ||     9
Armor: Robe              |    16 |       ||    16
       Leather armour    |    14 |    15 ||    29
Dodge: Dodged            |    82 |    32 ||   114
